 Dungeon Crawl Stone Soup version 0.21-a0-51-gea492e9 (webtiles) character file.

191840 4thArraOfDagon the Carver (level 17, -8/126 HPs)
             Began as a Mummy Venom Mage on June 12, 2017.
             Was an Initiate of Gozag.
             Killed from afar by a deep elf elementalist (44 damage)
             ... with a fireball
             ... on level 2 of the Elven Halls.
             The game lasted 02:15:40 (35297 turns).

4thArraOfDagon the Carver (Mummy Venom Mage)       Turns: 35297, Time: 02:15:41

Health: -8/126     AC: 36    Str: 27    XL:     17   Next: 59%
Magic:  18/25      EV: 12    Int: 19    God:    Gozag
Gold:   320        SH:  0    Dex:  9    Spells: 7/26 levels left

rFire    . . .     SeeInvis .   A - +4 great sword of Naolucie {drain, rN+ Str+7}
rCold    + + .     Gourm    .   (shield currently unavailable)
rNeg     + + +     Faith    .   E - +10 plate armour of Kikubaaqudgha's Whim {rF+}
rPois    ∞         Spirit   .   Z - +2 hat
rElec    +         Reflect  .   j - +4 cloak of the Amoeba {rElec rC+ rCorr}
rCorr    +         Harm     .   l - +0 pair of gloves
MR       +++++                  Q - +0 pair of boots of the Invisible Hand {Str+3 Stlth+}
Stlth    ..........             r - amulet of magic regeneration
Regen    0.4/turn               x - ring of Viwod {rElec rN+ MR+++ Str+3 Dex-3}
MPRegen  0.3/turn               U - ring of Shadows {Umbra +Inv Stlth+}

@: radiating poison, gold aura, very slightly contaminated, wreathed by umbra,
studying Translocations
A: no food or potions, fire vulnerability, cold resistance 1, negative energy
resistance 3, torment resistance, unbreathing, in touch with death 1
}: 1/15 runes: gossamer
a: Potion Petition, Call Merchant, Bribe Branch, Renounce Religion, Evoke
Invisibility


You were on level 2 of the Elven Halls.
You worshipped Gozag.
Gozag was aware of your devotion.
You were not hungry.

You visited 5 branches of the dungeon, and saw 30 of its levels.
You also visited: Labyrinth, Bailey and Wizlab.

You collected 11515 gold pieces.
You spent 6062 gold pieces at shops.
You paid 5133 gold pieces to Gozag.

Inventory:

Hand Weapons
 v - the +6 trident of Dockif {pierce, *Contam rPois Int+3 SInv}
   (You bought it in a shop on level 9 of the Dungeon)

   It inflicts extra damage upon your enemies.
   It affects your intelligence (+3).
   It protects you from poison.
   It lets you see invisible.
   It causes magical contamination when unequipped.
 A - the +4 great sword of Naolucie (weapon) {drain, rN+ Str+7}
   (You bought it in a shop on level 1 of the Orcish Mines)

   A truly terrible weapon, it drains the life of those it strikes.
   It affects your strength (+7).
   It protects you from negative energy.
 G - a +2 falchion of flaming
 K - the +7 great mace "Firestarter" {inner flame, rF++}
   (You took it off a centaur on level 10 of the Dungeon)

   It has been specially enchanted to burn those struck by it, causing extra
   injury to most foes and up to half again as much damage against particularly
   susceptible opponents.
   It greatly protects you from fire.
 W - a +0 great sword of slicing
 X - a +6 blowgun
Missiles
 p - 2 tomahawks of dispersal (quivered)
 y - 12 curare-tipped needles
Armour
 d - a +0 shield of positive energy
 j - the +4 cloak of the Amoeba (worn) {rElec rC+ rCorr}
   (You bought it in a shop on level 2 of the Lair of Beasts)

   It protects you from cold.
   It insulates you from electricity.
   It protects you from acid and corrosion.
 l - a +0 pair of gloves (worn)
 E - the +10 plate armour of Kikubaaqudgha's Whim (worn) {rF+}
   (You bought it in a shop on level 2 of the Lair of Beasts)

   It protects you from fire.
 Q - the +0 pair of boots of the Invisible Hand (worn) {Str+3 Stlth+}
   (You found it in a bailey)

   It affects your strength (+3).
   It makes you more stealthy.
 Z - a +2 hat (worn)
Magical Staves
 f - an uncursed staff of death
 t - an uncursed staff of energy {!a}
 M - an uncursed staff of wizardry {!a}
Jewellery
 o - an uncursed ring of resist corrosion
 r - an amulet of magic regeneration (around neck)
 x - the ring of Viwod (left hand) {rElec rN+ MR+++ Str+3 Dex-3}
   (You bought it in a shop on level 2 of the Elven Halls)

   [ring of positive energy]

   It affects your strength (+3).
   It affects your dexterity (-3).
   It insulates you from electricity.
   It protects you from negative energy.
   It affects your resistance to hostile enchantments.
 H - an uncursed ring of wizardry
 J - an uncursed ring of fire
 O - a +3 ring of intelligence
 U - the ring of Shadows (right hand) {Umbra +Inv Stlth+}
   (You bought it in a shop on level 9 of the Dungeon)

   [ring of stealth]

   It lets you turn invisible.
   It makes you more stealthy.
 Y - an uncursed ring of see invisible
Wands
 a - a wand of acid (11/15)
 k - a wand of scattershot (4/9)
 q - a wand of enslavement (15/24)
 P - a wand of digging (15/24)
 R - a wand of random effects (4/48)
 V - a wand of polymorph (5/24)
Scrolls
 c - 10 scrolls of teleportation
 e - 7 scrolls of enchant weapon
 g - 4 scrolls of amnesia
 i - 2 scrolls of fear
 m - 6 scrolls of identify
 n - 3 scrolls of magic mapping
 w - 3 scrolls of silence
 z - a scroll of summoning
 C - 6 scrolls of remove curse
 D - 3 scrolls of enchant armour
 F - a scroll of vulnerability
 I - 2 scrolls of recharging
 L - 2 scrolls of blinking
 N - 5 scrolls of fog
 T - a scroll of brand weapon
Books
 b - a Young Poisoner's Handbook

   Spells                             Type                      Level
   a - Sting                          Conjuration/Poison           1
   b - Poisonous Vapours              Poison/Air                   2
   c - Mephitic Cloud                 Conjuration/Poison/Air       3
   d - Olgreb's Toxic Radiance        Poison                       4
   e - Venom Bolt                     Conjuration/Poison           5
 h - a manual of Translocations
 s - a book of Battle

   Spells                             Type                      Level
   a - Infusion                       Charms                       1
   b - Shroud of Golubria             Charms/Translocation         2
   c - Song of Slaying                Charms                       2
   d - Spectral Weapon                Hexes/Charms                 3
   e - Regeneration                   Charms/Necromancy            3
 B - a book of Maledictions

   Spells                             Type                      Level
   a - Corona                         Hexes                        1
   b - Ensorcelled Hibernation        Hexes/Ice                    2
   c - Confuse                        Hexes                        3
   d - Tukima's Dance                 Hexes                        3
   e - Dazzling Spray                 Conjuration/Hexes            3
 S - a book of Necromancy

   Spells                             Type                      Level
   a - Pain                           Necromancy                   1
   b - Animate Skeleton               Necromancy                   1
   c - Vampiric Draining              Necromancy                   3
   d - Regeneration                   Charms/Necromancy            3
   e - Animate Dead                   Necromancy                   4
   f - Control Undead                 Necromancy                   4
Miscellaneous
 u - 3 phantom mirrors


   Skills:
 - Level 9.4 Fighting
 - Level 13.6 Long Blades
 - Level 2.3 Polearms
 - Level 13.0 Armour
 - Level 10.4 Dodging
 - Level 1.5 Stealth
 - Level 5.3 Spellcasting
 - Level 2.1 Conjurations
 - Level 4.7 Hexes
 - Level 4.5 Charms
 * Level 4.8 Necromancy
 - Level 5.5 Translocations
 - Level 2.1 Air Magic
 - Level 11.5 Poison Magic


You had 7 spell levels left.
You knew the following spells:

 Your Spells              Type           Power        Failure   Level  Hunger
a - Sting                 Conj/Pois      ####         5%          1    N/A
b - Mephitic Cloud        Conj/Pois/Air  ####....     30%         3    N/A
c - Poisonous Vapours     Pois/Air       ####..       8%          2    N/A
d - Olgreb's Toxic Radia  Pois           #####...     8%          4    N/A
e - Vampiric Draining     Necr           #####.....   34%         3    N/A
f - Blink                 Tloc           N/A          13%         2    N/A
g - Apportation           Tloc           ####..       9%          1    N/A
h - Spectral Weapon       Hex/Chrm       ###.....     36%         3    N/A

Dungeon Overview and Level Annotations

Branches:
Dungeon (15/15)            Temple (0/1) D:5            Lair (6/6) D:11
  Swamp (0/4) Lair:4       Spider (4/4) Lair:2        Slime (0/5) Lair:5
    Orc (2/2) D:12            Elf (3/3) Orc:2
 Vaults: D:13-14     Depths: D:15

Altars:
Ashenzari
Elyvilon
Gozag
Makhleb
Nemelex Xobeh
Okawaru
Ru
Sif Muna
Uskayaw
Vehumet
Wu Jian
Xom
Yredelemnul
The Shining One

Shops:
D:8 [}   D:9 ((=(   D:10 *(**   D:11 %   Orc:1 *   Orc:2 (*}*   Elf:2 (}*=*
Lair:2 [[?(

Annotations:
D:8 exclusion: 2 doors
Lair:3 exclusion: 2 oklob plants
Lair:4 Kenran's ghost, journeyman DgTm


Innate Abilities, Weirdness & Mutations

You do not eat or drink.
Your flesh is vulnerable to fire.
You are immune to poison.
Your flesh is cold resistant. (rC+)
You are immune to negative energy. (rN+++)
You are immune to unholy pain and torment.
You can survive without breathing.
You are in touch with the powers of death.


Message History

Casting: Olgreb's Toxic Radiance
Confirm with . or Enter, or press ? or * to list all spells.
Your toxic radiance grows in intensity.
You are engulfed in freezing vapours.
You resist.
* * * LOW HITPOINT WARNING * * *
The earth elemental is distracted by the nearby gold.
Unknown command.
Unknown command.
Unknown command.
Unknown command.
You are engulfed in freezing vapours.
You resist.
The earth elemental is no longer distracted by gold.
Unknown command.
Unknown command.
Unknown command.
The deep elf elementalist looks even sicker.
The deep elf elementalist casts a spell at you.
The fireball explodes!
The fireball engulfs you!
You die...
Your body crumbles into a pile of gold.

######
###################....######
#...).......@§§§.E.EE$.......
#...........§§§§e.EE.>.......
#.......[....§§§.E....E......
#...####'##########.....####+
#,,,#...................E.,,,
*,,,#......................,,
*,,,#..###+#..##'#######..###
*,,,#..#...#..#........#..#..
*,,,#..#...#..#........#..#.∩


You could see a deep elf elementalist and 5 earth elementals.

Vanquished Creatures
  A tentacled monstrosity (WizLab)
  Kirke (D:12)
  Gastronok (D:11)
  A tentacled starspawn (WizLab)
  A deep elf sorcerer (Elf:3)
  Donald (Spider:3)
  Louise (Spider:3)
  2 ghost moths (Spider:4)
  Aizul (Spider:3)
  3 emperor scorpions (Spider:4)
  A deep elf demonologist (Elf:3)
  3 entropy weavers
  2 spark wasps (Spider:1)
  A deep elf annihilator (Elf:3)
  A minotaur (Lab)
  The ghost of oki the Cruncher, a journeyman MiFi of Okawaru (D:12)
  3 deep elf high priests (Elf:3)
  10 hydras
  2 catoblepae
  6 centaur warriors
  6 two-headed ogres
  3 tengu warriors (D:15)
  6 death yaks (Lair:4)
  An orc high priest (Orc:2)
  Sonja (D:14)
  A thrashing horror (WizLab)
  A glowing orange brain (D:15)
  3 wizards
  A deep elf archer (Elf:3)
  2 orc knights (Orc:2)
  21 orb spiders
  A necromancer (Lair:6)
  15 deep elf magi
  A manticore (D:14)
  31 wolf spiders
  12 ugly things
  3 orc sorcerers (Orc:2)
  3 cyclopes
  2 moths of wrath
  A salamander (shapeshifter) (D:15)
  13 elephants
  Maurice (D:13)
  An orange demon (WizLab)
  A black mamba (Lair:3)
  10 spiny frogs
  2 torpor snails
  A gargoyle (D:14)
  4 kobold demonologists (D:13)
  2 ice devils (D:14)
  3 rime drakes
  A tengu conjurer (D:15)
  23 demonic crawlers
  An ancient zyme (WizLab)
  6 komodo dragons
  5 polar bears
  4 trolls
  A meliai (D:14)
  25 jumping spiders
  12 hornets
  A wind drake (WizLab)
  3 slime creatures
  25 blink frogs
  2 raiju (WizLab)
  4 dream sheep
  2 air elementals
  16 hippogriffs
  78 redbacks
  9 spriggans (Lair:6)
  A shadow (D:11)
  A vampire (D:13)
  5 fire bats (D:10)
  26 tarantellas
  2 water elementals
  50 yaks
  3 wraiths
  4 wyverns
  2 hungry ghosts (D:9)
  A hog (D:12)
  9 basilisks
  4 vampire mosquitoes
  A steam dragon (shapeshifter) (Elf:3)
  4 fire elementals
  Grum (D:11)
  3 wargs
  A steam dragon (D:10)
  Menkaure (D:6)
  An insubstantial wisp (WizLab)
  A hell hound (Lair:6)
  11 water moccasins
  7 porcupines
  36 orc warriors
  A swamp drake (D:12)
  2 sky beasts (D:10)
  A necrophage (D:13)
  3 phantoms
  A small abomination (WizLab)
  6 ice beasts
  12 ogres
  3 black bears
  5 boggarts
  22 centaurs
  23 wolves
  5 big kobolds
  11 crocodiles
  2 gnoll sergeants
  10 bullfrogs
  A wyvern zombie (D:13)
  2 scorpions
  A wyvern skeleton (D:7)
  8 killer bees
  3 howler monkeys
  5 wights (D:13)
  7 electric eels
  6 crimson imps
  3 bullfrog zombies
  2 centaur zombies
  A quasit (D:10)
  A jelly (shapeshifter) (D:15)
  10 orc priests
  17 orc wizards
  9 hounds
  6 centaur skeletons
  17 jellies
  Jessica (D:5)
  13 worker ants
  3 iguanas
  2 polar bear simulacra (Lair:6)
  3 yak simulacra (Lair:6)
  A killer bee zombie (D:7)
  5 wolf simulacra (Lair:6)
  A hound zombie (D:8)
  2 hound skeletons
  A howler monkey zombie (D:5)
  2 worker ant zombies
  Robin (D:3)
  18 gnolls
  7 adders
  8 shadow imps
  A white imp (WizLab)
  An ooze (D:5)
  3 worms
  A dart slug (D:4)
  15 leopard geckos
  59 orcs
  6 bats
  3 giant cockroaches
  14 goblins
  12 hobgoblins
  4 jackals
  4 quokkas
  A ball python (D:2)
  4 frilled lizards
  30 kobolds
  A leopard gecko zombie (D:5)
  A quokka skeleton (D:5)
  A quokka zombie (D:5)
  7 rats
  A river rat simulacrum (Lair:6)
1032 creatures vanquished.

Vanquished Creatures (others)
  7 dancing weapons
  A wolf spider (Spider:1)
  A deep elf mage (Elf:3)
  3 humans (D:12)
  A centaur (D:10)
  An orc (Orc:2)
  4 bushes (Lair:6)
  5 fungi
  22 plants
  2 spectral weapons
  2 starspawn tentacles (WizLab)
49 creatures vanquished.

Grand Total: 1081 creatures vanquished

Notes
Turn   | Place    | Note
-------+----------+-------------------------------------------
     0 | D:1      | 4thArraOfDagon the Mummy Venom Mage began the quest for the Orb.
     0 | D:1      | Reached XP level 1. HP: 13/13 MP: 4/4
   111 | D:1      | Reached skill level 1 in Conjurations
   188 | D:1      | Reached XP level 2. HP: 15/19 MP: 1/5
   230 | D:2      | Found a radiant altar of Vehumet.
   485 | D:4      | Found an iron altar of Okawaru.
   555 | D:4      | Reached XP level 3. HP: 24/24 MP: 2/7
   560 | D:4      | Learned a level 3 spell: Mephitic Cloud
   651 | D:5      | Entered Level 5 of the Dungeon
   656 | D:5      | Found an opulent altar of Gozag.
   661 | D:5      | Became a worshipper of Gozag Ym Sagoz the Greedy
   712 | D:4      | Reached XP level 4. HP: 26/30 MP: 1/9
   882 | D:3      | Noticed Robin
   909 | D:3      | Killed Robin
   995 | D:3      | Found a sacrificial altar of Ru.
  1122 | D:3      | Learned a level 2 spell: Poisonous Vapours
  1263 | D:3      | Found a hide-covered altar of Uskayaw.
  1291 | D:3      | Reached skill level 1 in Air Magic
  1478 | D:2      | Found a sparkling altar of Nemelex Xobeh.
  1602 | D:2      | Found a shimmering altar of Xom.
  1840 | D:1      | Reached XP level 5. HP: 35/35 MP: 7/10
  2467 | D:4      | Noticed an ogre
  2797 | D:4      | Killed an ogre
  2797 | D:4      | Reached XP level 6. HP: 41/41 MP: 3/12
  2869 | D:4      | Learned a level 4 spell: Olgreb's Toxic Radiance
  3350 | D:5      | Found a glowing golden altar of the Shining One.
  3721 | D:6      | Noticed Menkaure
  3736 | D:6      | Killed Menkaure
  3736 | D:6      | Reached skill level 5 in Poison Magic
  3744 | D:6      | Noticed an ice beast
  4002 | D:8      | Reached XP level 7. HP: 22/46 MP: 6/13
  4256 | D:8      | Found Gautt's Quality Used Wands.
  4332 | D:9      | Found Hoedaz's Weapon Emporium.
  4402 | D:9      | Noticed a vampire
  4567 | D:9      | Found Unuestri's Jewellery Shop.
  4567 | D:9      | Noticed a two-headed ogre
  4584 | D:9      | Killed a two-headed ogre
  4584 | D:9      | Reached XP level 8. HP: 52/52 MP: 0/14
  4754 | D:10     | Entered Level 10 of the Dungeon
  4760 | D:10     | Noticed a hippogriff
  4777 | D:10     | Killed a hippogriff
  5046 | D:10     | Noticed a fire dragon
  5142 | D:9      | Found Optughir's Antique Weapon Emporium.
  5177 | D:9      | Bought a smoking trident for 272 gold pieces
  5177 | D:9      | Identified the +6 trident of Dockif {pierce, *Contam rPois Int+3 SInv} (You bought it in a shop on level 9 of the Dungeon)
  5232 | D:9      | Reached XP level 9. HP: 57/57 MP: 4/15
  5713 | D:8      | Noticed a two-headed ogre
  5723 | D:8      | Killed a two-headed ogre
  5723 | D:8      | Reached skill level 10 in Poison Magic
  5964 | D:9      | Found Zof Fups's Weapon Emporium.
  6233 | D:9      | Bought an uncursed amulet of magic regeneration for 480 gold pieces
  6769 | D:5      | Found a staircase to the Ecumenical Temple.
  6971 | D:5      | Reached skill level 1 in Polearms
  7054 | D:5      | Noticed Jessica
  7067 | D:5      | Killed Jessica
  7077 | D:5      | Found a deep blue altar of Sif Muna.
  7205 | D:5      | Reached skill level 1 in Fighting
  7211 | D:5      | Found a shattered altar of Ashenzari.
  7212 | D:5      | Found a basalt altar of Yredelemnul.
  7212 | D:5      | Found a burning altar of Makhleb.
  7485 | D:5      | Reached XP level 10. HP: 45/66 MP: 16/16
  7667 | D:7      | Reached skill level 1 in Armour
  8440 | D:6      | Found a white marble altar of Elyvilon.
  8789 | D:8      | Found Dueteemp's Armour Shop.
  8810 | D:8      | Bought the +1 cloak of Starlight {rElec rC+ EV+4 Stlth--} for 623 gold pieces
  9368 | D:10     | Noticed a two-headed ogre
  9394 | D:10     | Killed a two-headed ogre
  9395 | D:10     | Noticed a red ugly thing
  9411 | D:10     | Reached skill level 5 in Fighting
  9468 | D:10     | Found Bacad's General Store.
  9501 | D:10     | Bought a scroll of teleportation for 42 gold pieces
  9501 | D:10     | Bought a scroll of identify for 28 gold pieces
  9523 | D:11     | Found a staircase to the Lair.
  9569 | D:11     | Noticed a cyclops
  9593 | D:11     | Killed a cyclops
  9593 | D:11     | Reached XP level 11. HP: 70/80 MP: 13/17
  9627 | D:10     | Reached skill level 5 in Dodging
 10218 | D:10     | Found Qezxecut's General Store.
 10254 | D:10     | Killed a red ugly thing
 10393 | D:10     | Reached skill level 5 in Armour
 10413 | D:10     | Found Naddaxt's Weapon Boutique.
 10551 | D:10     | Found Hice's General Store.
 10558 | D:10     | Bought a scroll of blinking for 120 gold pieces
 10558 | D:10     | Bought a scroll of identify for 32 gold pieces
 10558 | D:10     | Bought a scroll of recharging for 152 gold pieces
 10675 | D:11     | Noticed Grum
 10685 | D:11     | Killed Grum
 10732 | D:11     | Found Offaorphixie's Food Shop.
 10903 | D:11     | Noticed Gastronok
 10904 | D:11     | Noticed a purple ugly thing
 10941 | D:11     | Killed a purple ugly thing
 11223 | D:12     | Noticed oki's ghost (journeyman MiFi)
 11318 | D:13     | Noticed a deep elf mage
 11346 | D:13     | Killed a deep elf mage
 11451 | D:14     | Found a flagged portal.
 11461 | Bailey   | Entered a bailey
 11911 | Bailey   | Got a pair of jewelled boots
 11994 | Bailey   | Identified the cursed +0 pair of boots of the Invisible Hand {Str+3 Stlth+} (You found it in a bailey)
 12059 | D:14     | Noticed a six-headed hydra
 12268 | D:14     | Noticed a wizard
 12275 | D:14     | Killed a wizard
 12309 | D:14     | Learned a level 3 spell: Vampiric Draining
 12589 | D:14     | Reached XP level 12. HP: 92/92 MP: 9/18
 12665 | D:14     | Noticed Sonja
 12729 | D:14     | Noticed a centaur warrior
 12784 | D:15     | Entered Level 15 of the Dungeon
 12784 | D:15     | Noticed a tengu warrior
 12789 | D:15     | Noticed a two-headed ogre
 12798 | D:15     | Killed a two-headed ogre
 12800 | D:15     | Killed a tengu warrior
 12818 | D:15     | Learned a level 2 spell: Blink
 12912 | D:15     | Noticed a two-headed ogre
 12919 | D:15     | Killed a two-headed ogre
 13038 | D:13     | Noticed Maurice
 13074 | D:13     | Killed Maurice
 13325 | D:12     | Found an ornate altar of the Wu Jian Council.
 13437 | D:12     | Noticed a two-headed ogre
 13450 | D:12     | Killed a two-headed ogre
 13819 | D:12     | Noticed Kirke
 14018 | D:11     | Killed Gastronok
 14268 | D:12     | Found a staircase to the Orcish Mines.
 14405 | Orc:1    | Entered Level 1 of the Orcish Mines
 14544 | Orc:1    | Found a radiant altar of Vehumet.
 14737 | Orc:2    | Entered Level 2 of the Orcish Mines
 14895 | Orc:2    | Gained mutation: You are in touch with the powers of death. [Mummy growth]
 14895 | Orc:2    | Reached XP level 13. HP: 84/101 MP: 15/19
 15027 | Orc:2    | Reached skill level 1 in Necromancy
 15431 | Orc:2    | HP: 5/101 [orc warrior/bolt (20)]
 16167 | Orc:2    | Found Agoarches's Assorted Antiques.
 16167 | Orc:2    | Found Zyekluo's Gadget Shoppe.
 16169 | Orc:2    | Found Epue's General Store.
 16171 | Orc:2    | Found Leczasm's Weapon Boutique.
 16177 | Orc:2    | Bought an ichor-stained chain mail for 351 gold pieces
 16180 | Orc:2    | Bought a scroll of identify for 26 gold pieces
 16180 | Orc:2    | Identified the cursed +1 chain mail of Tartarus {*Contam MP+9 Str+7 SInv} (You bought it in a shop on level 2 of the Orcish Mines)
 16765 | Orc:2    | Noticed an orc warlord
 16811 | Orc:1    | Bought a shimmering great sword for 391 gold pieces
 16811 | Orc:1    | Identified the +4 great sword of Naolucie {drain, rN+ Str+7} (You bought it in a shop on level 1 of the Orcish Mines)
 17073 | Orc:2    | Found a staircase to the Elven Halls.
 17535 | D:12     | Killed Kirke
 19188 | D:14     | Killed Sonja
 19581 | D:15     | Reached skill level 5 in Long Blades
 19950 | D:15     | Reached XP level 14. HP: 97/108 MP: 20/20
 20604 | Lair:1   | Entered Level 1 of the Lair of Beasts
 20610 | Lair:1   | Reached skill level 10 in Armour
 21010 | Lair:2   | Learned a level 1 spell: Apportation
 21196 | Lair:4   | Found a staircase to the Swamp.
 21428 | Lair:4   | Noticed Kenran's ghost (journeyman DgTm)
 21538 | Lair:5   | Found a labyrinth entrance.
 21548 | Lab      | Entered a labyrinth
 22240 | Lab      | Identified the Catalogue of Noxious Battle Magic
 22240 | Lab      | Identified the Guide on Floating Conjuration
 22240 | Lab      | Identified the Almanac of Flames
 22676 | Lair:6   | Entered Level 6 of the Lair of Beasts
 23442 | Lair:6   | Reached XP level 15. HP: 70/114 MP: 21/21
 23849 | Lair:6   | Reached skill level 10 in Long Blades
 23857 | Lair:6   | Reached skill level 10 in Dodging
 24877 | Lair:5   | Found a staircase to the Slime Pits.
 25410 | Lair:2   | Found a hole to the Spider Nest.
 25897 | Spider:1 | Entered Level 1 of the Spider Nest
 26922 | Spider:1 | Reached XP level 16. HP: 85/120 MP: 3/22
 28054 | Spider:2 | Reached skill level 5 in Spellcasting
 28391 | Lair:2   | Bought the +4 cloak of the Amoeba {rElec rC+ rCorr} for 817 gold pieces
 28391 | Lair:2   | Bought the +10 plate armour of Kikubaaqudgha's Whim {rF+} for 1392 gold pieces
 28536 | Spider:3 | Reached skill level 1 in Translocations
 28556 | Spider:3 | Noticed Donald
 28818 | Spider:3 | Noticed Aizul
 28865 | Spider:3 | Killed Donald
 29051 | Spider:3 | Noticed Louise
 29102 | Spider:3 | Killed Louise
 29298 | Spider:3 | Killed Aizul
 29310 | Spider:3 | Learned a level 3 spell: Spectral Weapon
 29542 | Spider:4 | Entered Level 4 of the Spider Nest
 29666 | Spider:4 | Reached skill level 1 in Hexes
 29666 | Spider:4 | Reached skill level 1 in Charms
 30456 | Spider:4 | Reached XP level 17. HP: 69/126 MP: 0/25
 30738 | Spider:4 | Got a gossamer rune of Zot
 31066 | D:12     | Killed oki's ghost
 31327 | D:8      | Bought a wand of digging (0/24) for 112 gold pieces
 31423 | Elf:1    | Entered Level 1 of the Elven Halls
 31594 | Elf:2    | Found Numanie's General Store.
 31611 | Elf:2    | Bought a scroll of teleportation for 42 gold pieces
 31647 | Elf:2    | Identified the +0 plate armour of Ucue {+Fly} (You found it on level 2 of the Elven Halls)
 31656 | Elf:2    | Found Azumeava's Assorted Antiques.
 31658 | Elf:2    | Found Mueqarec's Jewellery Shop.
 31684 | Elf:2    | Bought the ring of Viwod {rElec rN+ MR+++ Str+3 Dex-3} for 542 gold pieces
 31912 | D:9      | Bought the ring of Shadows {Umbra +Inv Stlth+} for 640 gold pieces
 32104 | Elf:2    | Found Damostr Mafa's Gadget Shoppe.
 32111 | Elf:2    | Found Tocviymo's Antique Weapon Emporium.
 32617 | Elf:3    | Entered Level 3 of the Elven Halls
 32843 | Elf:3    | Found a magical portal.
 32849 | WizLab   | Entered The Roulette of Golubria
 32849 | WizLab   | Found a transporter.
 32928 | WizLab   | Found a corrupted altar of Lugonu.
 32932 | WizLab   | Reached skill level 5 in Translocations
 32956 | WizLab   | Noticed a tentacled monstrosity
 32986 | WizLab   | Killed a tentacled monstrosity
 33322 | WizLab   | Found a transporter.
 33322 | WizLab   | Found a transporter.
 33360 | WizLab   | Found a transporter.
 33360 | WizLab   | Found a transporter.
 33389 | WizLab   | Found a transporter.
 33389 | WizLab   | Found a transporter.
 33403 | WizLab   | Found a transporter.
 33403 | WizLab   | Found a transporter.
 33453 | WizLab   | Found a transporter.
 33453 | WizLab   | Found a transporter.
 33830 | WizLab   | Found a transporter.
 33830 | WizLab   | Found a transporter.
 33871 | WizLab   | Found a transporter.
 33879 | WizLab   | Found a transporter.
 33879 | WizLab   | Found a transporter.
 35276 | Elf:3    | Noticed a deep elf master archer
 35297 | Elf:2    | Killed from afar by a deep elf elementalist

Vault maps used:
D:1:      lightli_arrival_boilingwater
D:2:      fiery_altar_vehumet, xom_teletrap_fun,
          nemelex_xobeh_ov_fountains_minmay
D:3:      nicolae_overflow_hidden_temple, nicolae_ru_the_path_less_chosen,
          uniq_robin
D:4:      first_bread, okawaru_gym_becter
D:5:      tgw_sif, lemuel_doored_altar, tso_metal_star, minitemple,
          minmay_temple_entry_nine_rooms, kennysheep_generic_room_15
D:6:      kennysheep_mini_moat, uniq_menkaure
D:7:      kennysheep_boxes
D:8:      serial_shops, shop, hangedman_ranch, nicolae_for_you_no_charge
D:9:      serial_shops, kennysheep_mini, shop, shop, nicolae_shop_statue_plus
D:10:     minmay_firetagon, serial_shops, kennysheep_little_box, shop, shop,
          nicolae_shop_stone
D:11:     lair_entry_dummy, serial_shops, shop, uniq_gastronok, uniq_grum
D:12:     erik_orc_1, basic_altar, uniq_kirke
D:13:     uniq_maurice
D:14:     lightli_vaults_fourway_checkpoint, minmay_crystal_water,
          enter_bailey_8, portal_ice_cave_demonic_guard, lightli_wizard_tower,
          uniq_snorg, uniq_sonja
D:15:     gammafunk_enter_depths_forms, minmay_misc_feat_alley,
          minmay_misc_feat_room
Lair:2:   spider_nest_entry_webs, grunt_megastairs_3
Lair:3:   minmay_lair_oklob_chamber, infiniplex_staircase_pool
Lair:4:   swamp_mist_pool
Lair:5:   minmay_slime_entry_jelly_boxes, lab_entry_generic,
          infiniplex_staircase_pool_2, uniq_josephine
Lair:6:   minmay_lair_end_enchanted_forest, special_room, serial_forest,
          infiniplex_forest_fountain, infiniplex_forest_clump_long,
          infiniplex_forest_straight_4, infiniplex_forest_end_1,
          infiniplex_forest_clump_tiny, infiniplex_forest_3_way,
          infiniplex_forest_lined_3, infiniplex_forest_clump_C, st_stairs_3,
          eino_house_with_fridge
Spider:1: cheibrodos_forgotten_conduit, uniq_aizul
Spider:3: uniq_louise, uniq_donald
Spider:4: guppyfry_spider_rune
Orc:1:    basic_altar
Orc:2:    st_orc_rangers, mines2_lemuel
Elf:1:    eino_elf_arrival_sip, minmay_elf_crystal_hexagon
Elf:2:    serial_shops, nicolae_shop_behind_doors, shop, shop, shop, shop
Elf:3:    nooodl_elf_gasket, infiniplex_enter_wizlab_spiral
Bailey:   bailey_axe_4, bailey
WizLab:   wizlab_golubria

Skill      XL: |  1  2  3  4  5  6  7  8  9 10 11 12 13 14 15 16 17 |
---------------+----------------------------------------------------+-----
Conjurations   | 1 2 |  2.1
Spellcasting   | 3 4 5 |  5.3
Poison Magic   | 3 4 5 8 9 11 | 11.5
Air Magic      | 1 2 |  2.1
Dodging        | 2 4 6 8 9 10 | 10.4
Polearms       | 1 2 |  2.3
Fighting       | 1 5 7 9 |  9.4
Armour         | 4 6 8 9 11 12 13 | 13.0
Necromancy     | 3 4 |  4.8
Long Blades    | 6 9 11 13 | 13.6
Translocations | 4 5 |  5.5
Hexes          | 3 4 |  4.7
Charms         | 2 4 |  4.5
Stealth        | |  1.5

Action                   |  1- 3 |  4- 6 |  7- 9 | 10-12 | 13-15 | 16-18 || total
-------------------------+-------+-------+-------+-------+-------+-------++-------
Melee: Dagger            |    10 |     3 |    10 |       |       |       ||    23
       Unarmed           |     4 |       |       |       |       |       ||     4
       Short sword       |    25 |   144 |       |       |       |       ||   169
       Trident           |       |       |   163 |   672 |   167 |       ||  1002
       Great sword       |       |       |       |       |   746 |   783 ||  1529
       Falchion          |       |       |       |       |    82 |       ||    82
 Cast: Sting             |    42 |    52 |     5 |     2 |       |       ||   101
       Mephitic Cloud    |     1 |     5 |    12 |    66 |    59 |     5 ||   148
       Poisonous Vapours |       |    46 |    21 |    31 |    15 |     5 ||   118
       Olgreb's Toxic Ra |       |       |    17 |    76 |   197 |   123 ||   413
       Spectral Weapon   |       |       |       |       |       |     2 ||     2
Invok: Potion Petition   |       |     1 |       |       |     1 |     1 ||     3
       Call Merchant     |       |       |       |       |     5 |       ||     5
Evoke: Wand              |       |       |       |     4 |     2 |     2 ||     8
  Use: Scroll            |       |     8 |     5 |    10 |    15 |    11 ||    49
 Stab: Sleeping          |       |     2 |     4 |       |       |       ||     6
       Confused          |       |     1 |     3 |    27 |    20 |     3 ||    54
       Distracted        |       |     1 |       |     2 |     5 |     2 ||    10
       Petrified         |       |       |       |       |     2 |       ||     2
Armor: Robe              |     6 |    45 |    38 |    56 |       |       ||   145
       Ring mail         |       |       |       |    74 |    22 |       ||    96
       Chain mail        |       |       |       |       |   507 |    55 ||   562
       Plate armour      |       |       |       |       |       |   740 ||   740
Dodge: Dodged            |    35 |   114 |   107 |   460 |  1159 |   813 ||  2688
Block: Other             |     2 |     6 |     5 |       |       |       ||    13
       Reflection        |       |       |     3 |       |       |       ||     3
       Rpst.: Great sword |       |       |       |       |   209 |   164 ||   373
       Falchion          |       |       |       |       |    18 |       ||    18
